Map: Dusty Gorge

Players

Tylar - Winner!

  • Race: Zerg Zerg
  • League: Diamond
  • Spawn Location: 11:00

NUBlet - Winner!

  • Race: Protoss Protoss
  • League: Diamond
  • Spawn Location: 9:00

OpuS

  • Race: Protoss Protoss
  • League: Platinum
  • Spawn Location: 5:00

Sketchaphone

  • Race: Zerg Zerg
  • League: Platinum
  • Spawn Location: 3:00

VOD

Have the link to the VOD?

Description

Time

  • Played on: Feb. 16, 2019, 8:53 p.m.
  • Length: 10:42
Show
View Real Time Build Order
Export as new Build Order

Tylar Zerg - Winner!

Build Orders: Hatch First 

Get SALT Encoding   

  12  0:01  Drone  
  13  0:12  Overlord  
  13  0:18  Drone  
  14  0:31  Drone x2  
  17  0:35  Drone  
  17  0:55  Hatchery  
  16  0:57  Drone  
  16  0:59  Drone  
  16  1:04  Extractor  
  17  1:11  Drone  
  18  1:19  Spawning Pool  
  18  1:21  Drone  
  18  1:28  Drone  
  19  1:42  Drone  
  20  1:49  Overlord  
  20  2:06  Metabolic Boost, Queen  
  20  2:08  Queen  
  24  2:09  Zergling x4  
  24  2:13  Drone  
  27  2:22  Zergling x4  
  29  2:28  Drone  
  30  2:35  Drone  
  31  2:42  Drone  
  32  2:47  Queen  
  32  2:48  Overlord  
  34  2:52  Queen  
  36  3:20  Drone x3  
  39  3:40  Drone  
  39  3:41  Roach Warren, Drone x5  
  44  3:43  Extractor  
  43  3:49  Drone  
  43  3:50  Overlord  
  43  3:53  Overlord  
  44  4:12  Zergling x2  
  44  4:13  Zergling x4  
  47  4:17  Zergling x4  
  47  4:20  Roach x2  
  47  4:21  Roach  
  54  4:29  Roach x3  
  58  4:53  Zergling x2  
  58  4:54  Zergling x2  
  58  4:55  Overlord x2  
  59  5:20  Ravager x3  
  62  5:22  Roach x3  
  62  5:23  Roach x3  
  74  5:34  Roach  
  76  5:36  Overlord x2  
  76  5:47  Overlord x2  
  76  5:54  Overlord x2  
  76  5:56  Roach x3  
  82  6:05  Ravager x4  
  82  6:06  Zergling x2  
  82  6:07  Zergling x12  
  90  6:36  Roach x7  
  97  6:43  Ravager  
  97  6:46  Zergling x2  
  99  7:04  Hatchery  
  97  7:19  Roach x6  
  97  7:20  Roach  
  100  7:37  Queen  
  93  7:54  Ravager  
  94  7:59  Roach x5  
  94  8:00  Roach  
  102  8:21  Roach x4  
  102  8:22  Roach  
  112  8:31  Roach  
  112  8:32  Roach  
  108  8:52  Roach x2  
  108  8:53  Roach x3  
  118  8:58  Extractor  
  118  8:59  Extractor  
  116  9:18  Lair  
  116  9:20  Drone x2  
  116  9:21  Drone  
  116  9:22  Drone x3  
  116  9:23  Drone  
  116  9:24  Drone  
  116  9:39  Evolution Chamber  
  116  9:42  Evolution Chamber  
Show
View Real Time Build Order
Export as new Build Order

NUBlet Protoss - Winner!

Build Orders: Phoenix Opening 

Get SALT Encoding   

  12  0:01  Probe  
  13  0:15  Pylon  
  14  0:21  Probe  
  14  0:32  Probe  
  15  0:38  Gateway  
  15  0:40  Probe  
  15  0:48  Probe, Assimilator  
  17  1:01  Forge  
  17  1:05  Probe  
  17  1:11  Assimilator  
  18  1:18  Probe  
  19  1:27  Cybernetics Core  
  19  1:34  Pylon  
  19  1:38  Probe  
  20  1:46  Probe  
  21  2:02  Pylon  
  21  2:04  Probe  
  22  2:08  Photon Cannon  
  22  2:13  Warp Gate  
  22  2:26  Adept  
  22  2:29  Stargate  
  24  2:49  Probe  
  25  3:06  Phoenix  
  25  3:08  Probe  
  28  3:31  Probe  
  28  3:32  Phoenix  
  31  3:36  Nexus  
  31  3:43  Probe  
  31  3:46  Assimilator  
  32  3:49  Pylon  
  32  3:56  Probe  
  32  3:57  Phoenix  
  35  4:13  Stalker  
  37  4:36  Gateway  
  37  4:37  Gateway  
  37  4:46  Pylon  
  37  4:53  Phoenix  
  37  4:59  Probe  
  36  5:00  Probe  
  39  5:09  Probe  
  40  5:17  Phoenix  
  42  5:27  Probe  
  43  5:44  Phoenix  
  43  5:52  Probe  
  46  5:58  Probe  
  45  6:05  Probe  
  45  6:10  Stalker x2  
  50  6:12  Pylon  
  50  6:14  Stargate  
  50  6:16  Pylon  
  50  6:38  Stalker  
  50  6:39  Stalker, Probe  
  55  6:42  Gateway  
  55  6:43  Phoenix  
  55  6:46  Probe  
  56  6:50  Robotics Facility  
  58  6:57  Probe, Assimilator  
  59  7:01  Phoenix  
  59  7:02  Phoenix  
  55  7:09  Probe  
  56  7:35  Phoenix  
  56  7:41  Phoenix  
  56  7:44  Nexus  
  60  7:57  Probe  
  61  7:59  Phoenix  
  63  8:06  Phoenix  
  63  8:08  Probe  
  66  8:23  Phoenix  
  66  8:24  Phoenix  
  68  8:31  Probe  
  71  8:44  Phoenix  
  71  8:49  Phoenix  
  71  8:53  Observer  
  76  9:01  Phoenix  
  76  9:03  Probe x2  
  80  9:13  Phoenix  
  80  9:15  Observer  
  81  9:18  Probe  
  81  9:20  Phoenix  
  81  9:22  Probe  
  81  9:23  Probe  
  84  9:25  Assimilator  
  84  9:29  Assimilator, Phoenix  
  86  9:31  Pylon  
  88  9:39  Stargate  
  88  9:40  Phoenix  
  88  9:42  Probe  
  89  9:47  Zealot  
  93  9:54  Phoenix  
  93  9:55  Zealot  
  93  9:56  Zealot  
  99  10:13  Probe x2  
  101  10:16  Pylon  
  101  10:18  Pylon  
  101  10:21  Pylon  
Show
View Real Time Build Order
Export as new Build Order

OpuS Protoss 

Build Orders:  

Get SALT Encoding   

  12  0:01  Probe  
  13  0:13  Probe  
  14  0:23  Pylon  
  14  0:25  Probe  
  15  0:41  Probe  
  16  0:46  Gateway  
  16  0:51  Probe  
  17  0:59  Probe  
  18  1:07  Probe, Gateway  
  19  1:12  Assimilator  
  19  1:17  Probe  
  19  1:18  Assimilator  
  20  1:25  Probe  
  21  1:34  Probe  
  21  1:35  Cybernetics Core  
  22  1:42  Pylon  
  22  2:12  Warp Gate  
  22  2:14  Nexus  
  22  2:20  Stalker  
  24  2:34  Probe  
  24  2:36  Stalker  
  27  2:38  Pylon  
  27  2:48  Gateway  
  27  2:55  Stalker  
  29  3:11  Shield Battery  
  28  3:23  Robotics Facility  
  28  3:24  Gateway  
  28  3:31  Stalker  
  30  3:38  Pylon  
  30  3:39  Probe  
  31  3:52  Probe x2  
  33  4:01  Zealot  
  35  4:03  Zealot  
  37  4:11  Pylon  
  37  4:13  Probe x2  
  39  4:25  Probe x2  
  41  4:37  Stargate  
  41  4:39  Forge  
  41  4:44  Shield Battery  
  41  4:45  Probe x2  
  43  4:55  Zealot x2  
  47  5:05  Probe x2  
  49  5:13  Photon Cannon  
  49  5:17  Probe x2  
  51  5:27  Photon Cannon  
  51  5:31  Fleet Beacon  
  51  5:33  Probe  
  48  5:54  Probe x2  
  48  5:56  Stalker  
  48  5:57  Stalker x3  
  58  6:06  Probe x2  
  58  6:08  Carrier  
  60  6:25  Photon Cannon  
  66  6:30  Photon Cannon  
  56  6:36  Stalker  
  56  6:37  Stalker x2  
  60  6:40  Stalker  
  60  6:44  Probe x2  
  64  6:47  Assimilator  
  64  6:50  Assimilator  
  64  6:52  Pylon  
  64  7:04  Carrier  
  65  7:19  Probe x2  
  67  7:31  Probe  
  58  7:59  Stalker x3  
  58  8:04  Carrier  
  60  8:34  Stalker x4  
  66  8:43  Gateway x2  
  66  8:44  Twilight Council  
  66  8:45  Gateway  
  66  8:50  Gateway  
  66  8:58  Stalker x4  
  74  9:21  Zealot x2  
  78  9:25  Pylon  
  78  9:27  Pylon  
  78  9:38  Pylon  
  78  9:41  Pylon  
  84  9:59  Zealot x5  
Show
View Real Time Build Order
Export as new Build Order

Sketchaphone Zerg 

Build Orders: Hatch First, Zergling Baneling 

Get SALT Encoding   

  12  0:02  Drone  
  13  0:13  Overlord  
  13  0:19  Drone  
  14  0:32  Drone x2  
  16  0:39  Drone  
  17  0:55  Hatchery  
  16  1:00  Drone  
  16  1:02  Drone  
  16  1:03  Extractor  
  17  1:24  Spawning Pool, Drone  
  17  1:27  Drone  
  18  1:34  Drone  
  19  1:42  Drone  
  20  1:51  Overlord  
  20  2:02  Overlord  
  20  2:08  Drone  
  21  2:11  Metabolic Boost  
  21  2:13  Queen  
  21  2:15  Drone  
  24  2:18  Drone  
  25  2:24  Drone  
  26  2:37  Drone x2  
  27  2:40  Zergling x2  
  27  2:42  Baneling Nest  
  28  2:45  Zergling x2  
  29  2:56  Queen  
  29  2:57  Zergling x4  
  33  3:01  Overlord  
  33  3:12  Spine Crawler, Zergling x4  
  34  3:16  Zergling x2  
  35  3:26  Drone  
  36  3:29  Baneling  
  36  3:33  Drone  
  37  3:37  Drone  
  37  3:38  Evolution Chamber  
  37  3:39  Zergling x6  
  40  3:51  Overlord x2  
  40  3:58  Pneumatized Carapace  
  40  4:03  Baneling x5  
  40  4:13  Drone  
  40  4:15  Spore Crawler  
  39  4:33  Baneling  
  39  4:34  Baneling  
  39  4:35  Zergling x10, Hatchery  
  43  4:39  Spore Crawler  
  38  4:59  Drone x3  
  40  5:00  Drone x2  
  39  5:08  Drone x2  
  39  5:14  Zergling x2, Zerg Melee Weapons Level 1  
  41  5:27  Zergling x4  
  43  5:31  Zergling x2  
  44  5:37  Lair  
  44  5:39  Overlord, Drone, Extractor  
  44  5:48  Zergling x16  
  52  5:51  Queen  
  54  5:59  Drone  
  54  6:03  Overlord  
  55  6:10  Drone x4  
  59  6:13  Drone  
  59  6:27  Queen  
  59  6:28  Spore Crawler  
  60  6:37  Zergling x16  
  55  6:43  Zergling x4  
  54  7:00  Drone x6  
  54  7:01  Hydralisk Den, Extractor  
  44  7:33  Zergling x22  
  52  7:41  Hydralisk  
  52  7:45  Hydralisk  
  54  7:54  Zergling x6  
  42  8:05  Spore Crawler  
  42  8:08  Hydralisk x4  
  45  8:17  Hydralisk  
  45  8:19  Hydralisk x3  
  47  8:23  Hydralisk  
  53  8:33  Spine Crawler  
  45  8:35  Spine Crawler  
  45  8:36  Spine Crawler  
  41  8:41  Spine Crawler  
  41  8:43  Spine Crawler  
  1  9:49  Drone x3  
  3  9:58  Drone  
Tags
 
Add a new tag
Caveats
  • Supply blocks, unpowered buildings, or Contaminate may cause inaccurate times.
  • Supply counts are checked every 10 seconds.